 Dungeon Crawl Stone Soup version 0.31.0-11-ge490571c62 (webtiles) character file.

Game seed: 9794140997293270766

42 hikkokomori the Gusty (level 3, -3/20 HPs)
             Began as a Tengu Air Elementalist on Feb 2, 2024.
             Slain by Natasha (5 damage)
             ... on level 2 of the Dungeon.
             The game lasted 00:03:00 (1675 turns).

hikkokomori the Gusty (Tengu Air Elementalist)      Turns: 1675, Time: 00:03:00

Health: -3/20      AC:  2    Str:  8    XL:     3   Next: 54%
Magic:  6/7        EV: 12    Int: 17    God:
Gold:   78         SH:  0    Dex: 14    Spells: 5/6 levels left

rFire   . . .        e - +0 short sword
rCold   . . .        (no shield)
rNeg    . . .        a - +0 robe
rPois   .            (helmet restricted)
rElec   .            (no cloak)
rCorr   .            (no gloves)
SInv    .            (boots unavailable)
Will    .....        (no amulet)
Stlth   ++           (no ring)
HPRegen 0.23/turn    (no ring)
MPRegen 0.10/turn

%: acrobat
@: slowed, very slow
A: beak, talons 3, acrobatic
a: no special abilities


You were on level 2 of the Dungeon.
You visited 1 branch of the dungeon, and saw 2 of its levels.

You collected 78 gold pieces.

Inventory:

Hand Weapons
 d - a +0 club
 e - a +0 short sword (weapon)
Armour
 a - a +0 robe (worn)
Scrolls
 f - a scroll of fog {unknown}
Potions
 b - a potion of magic
 c - 3 potions of curing {unknown}


   Skills:
 + Level 1.2 Fighting
 - Level 2.1 Dodging
 + Level 2.6 Stealth
 + Level 2.4 Spellcasting
 - Level 1.3 Conjurations
 + Level 4.6 Air Magic


You had 5 spell levels left.
You knew the following spells:

 Your Spells              Type           Power      Damage    Failure   Level
a - Shock                 Conj/Air       48%        1d6       5%          1

Your spell library contained the following spells:

 Spells                   Type           Power      Damage    Failure   Level
 Static Discharge         Conj/Air       24%        3-4/arc   9%          2
 Swiftness                Air            17%        N/A       9%          3
 Airstrike                Air            8%         2d(2-18)  28%         4


Dungeon Overview and Level Annotations

Branches:
Dungeon (2/15)

Altars:

Annotations:
D:2 Natasha


Innate Abilities, Weirdness & Mutations

You have a beak for a mouth.
You have claws for feet.
You can magically evade attacks while moving or waiting.


Message History

Casting: Shock (safe; 5% risk of failure)
Confirm with . or Enter, or press ? or * to list all spells.
Okay, then.
The zap hits Natasha.
Natasha is moderately wounded.
The zap misses Natasha.
Natasha mumbles some strange words.
Natasha's front paws start to glow.
You hit Natasha.
Natasha is heavily wounded.
Natasha casts a spell at you. The magic dart hits you!
Unknown command.
You hit Natasha.
Natasha is heavily wounded.
Natasha casts a spell at you.
You feel yourself slow down.
Unknown command.
You hit Natasha. Your kick misses Natasha.
Natasha is severely wounded.
Natasha claws you.
Unknown command.
You closely miss Natasha. Your kick misses Natasha.
You peck Natasha, but do no damage.
Natasha is severely wounded.
Natasha claws you.
* * * LOW HITPOINT WARNING * * *
Natasha stares at you and mumbles some strange words.
You resist with significant effort.
You barely miss Natasha.
Natasha is severely wounded.
Natasha mewls in sadness.
Natasha claws you.
* * * LOW HITPOINT WARNING * * *
Unknown command.
You hit Natasha. Your kick misses Natasha.
Natasha is almost dead.
Natasha claws you.
You die...
Natasha begins licking her fur clean.

#########...#......## #.#.#^#
#...........#.###.## ##.....#
##.#####.......####.###....#.#
.)#...............##.......####
##<###.#.......##....†#...._..#
#.# #.###...#.#######.....####
#.# # #...#.## ##....#.# #.#
##..#..## ##.....# #.#
...##..#..@## #^#†#^# #..
..........h.## #8^.#8# ###
...#.#.......# ##### #
#........... ........######
##...!..... ............
###.###..##### #. #..#


You could see Natasha.

Vanquished Creatures
  An adder (D:2)
  2 endoplasms (D:1)
  4 giant cockroaches
  7 jackals
  A kobold (D:1)
  A quokka (D:1)
  3 ball pythons (D:1)
  4 bats
  A frilled lizard (D:2)
  4 goblins
  3 rats
31 creatures vanquished.

Notes
Turn   | Place    | Note
-------+----------+-------------------------------------------
     0 | D:1      | hikkokomori the Tengu Air Elementalist began the quest for
                  | the Orb.
     0 | D:1      | Reached XP level 1. HP: 10/10 MP: 4/4
   222 | D:1      | Reached XP level 2. HP: 16/16 MP: 4/6
  1083 | D:1      | Reached skill level 1 in Fighting
  1131 | D:1      | Reached XP level 3. HP: 20/20 MP: 5/7
  1528 | D:2      | Found a faded altar of an unknown god.
  1609 | D:2      | Noticed Natasha
  1674 | D:2      | HP: 1/20 [Natasha (1)]
  1675 | D:2      | Slain by Natasha

Illustrated notes

Levels and vault maps discovered:
D:1:      amcnicky_arrival_blooded_trapdoor, layout_basic, minmay_door_square,
          minmay_misc_feat_ornament, chequers_serial_rivers_micro_a,
          grunt_decor_mini_mirrors
D:2:      cheibrodos_fertilizer, layout_loops_ring,
          shapermc_ecumenical_altar_mp_highgroup, uniq_jessica, uniq_natasha,
          uniq_crazy_yiuf_cottage

Skill      XL: |  1  2 |
---------------+-------+-----
Fighting       | 1 |  1.2
Dodging        | |  2.1
Stealth        | |  2.6
Spellcasting   | |  2.4
Conjurations   | |  1.3
Air Magic      | |  4.6

Action                     || total
---------------------------++-------
  Melee: Unarmed           ||     3
         Kick              ||     5
         Peck              ||     4
         Short sword       ||    23
         Club              ||     1
   Cast: Shock             ||    54
 Armour: Robe              ||    17
  Dodge: Dodged            ||    23
